 Dungeon Crawl Stone Soup version 0.18-a0-1677-g2bdad6c (console) character file.

20000 siepu the Slinger (level 13, -8/81 HPs)
             Began as a Halfling Hunter on Apr 2, 2016.
             Was an Elder of Fedhas.
             Mangled by an eight-headed hydra (11 damage)
             ... on level 3 of the Lair of Beasts.
             The game lasted 01:25:15 (15214 turns).

siepu the Slinger (Halfling Hunter)                Turns: 15214, Time: 01:25:15

Health: -8/81      AC: 13    Str: 16    XL:     13   Next: 8%
Magic:  21/21      EV: 17    Int: 10    God:    Fedhas [****..]
Gold:   715        SH: 20    Dex: 20    Spells: 1 memorised, 20 levels left

rFire  . . .     SeeInvis +     a - +2 hunting sling
rCold  . . .     Gourm    .     M - +3 leather armour
rNeg   + . .     Faith    .     w - +7 shield of Mezcal {rN+ Str+4}
rPois  .         Spirit   .     r - +2 helmet {SInv}
rElec  .         Dismiss  .     (no cloak)
rCorr  .         Reflect  .     u - +0 pair of gloves
SustAt .         Harm     +     (no boots)
MR     .....                    e - amulet of harm
Stlth  ++........               l - +3 ring of protection
                                k - ring of stealth

@: not resistant to hostile enchantments, unstealthy
A: mutation resistance 1
a: Evolution, Sunlight, Growth, Reproduction, Renounce Religion


You were on level 3 of the Lair of Beasts.
You worshipped Fedhas.
Fedhas was greatly pleased with you.
You were not hungry.

You visited 3 branches of the dungeon, and saw 15 of its levels.

You collected 748 gold pieces.
You spent 33 gold pieces at shops.

Inventory:

Hand Weapons
 a - a +2 hunting sling (weapon)
 b - a +0 antimagic short sword
 B - a +2 flail of protection
Missiles
 d - 14 sling bullets (quivered)
 p - 85 stones
Armour
 r - a +2 helmet of see invisible (worn)
 u - a +0 pair of gloves (worn)
 w - the +7 shield of Mezcal (worn) {rN+ Str+4}
   (You found it on level 6 of the Dungeon)

   It affects your strength (+4).
   It protects you from negative energy.
 D - a +0 leather armour of magic resistance
 M - a +3 leather armour (worn)
Magical Staves
 R - an uncursed staff of wizardry
Jewellery
 e - an amulet of harm (around neck)
 k - a ring of stealth (left hand)
 l - a +3 ring of protection (right hand)
 o - an uncursed ring of protection from fire
 x - an uncursed ring of flight
 C - an uncursed ring of resist corrosion
Wands
 v - a wand of heal wounds (3/9)
 I - a wand of slowing (18/48)
 N - a wand of polymorph (12/24)
Scrolls
 h - 9 scrolls of teleportation
 m - 3 scrolls of magic mapping
 n - 6 scrolls of remove curse
 s - 2 scrolls of fear
 y - 2 scrolls of identify
 K - a scroll of amnesia
 S - a scroll of fog
Potions
 g - 2 potions of flight
 q - a potion of ambrosia {unknown}
 z - 2 potions of curing
 A - a potion of berserk rage
 E - a potion of degeneration
 G - 2 potions of brilliance
 H - 2 potions of lignification
 L - a potion of agility
 P - a potion of haste
 T - 2 potions of resistance {unknown}
Books
 j - a book of Battle

   Spells                             Type                      Level
   a - Infusion                       Charms                       1
   b - Shroud of Golubria             Charms/Translocation         2
   c - Song of Slaying                Charms                       2
   d - Spectral Weapon                Hexes/Charms                 3
   e - Regeneration                   Charms/Necromancy            3
 J - a book of Burglary

   Spells                             Type                      Level
   a - Swiftness                      Charms/Air                   2
   b - Passwall                       Transmutation/Earth          2
   c - Passage of Golubria            Translocation                4
   d - Lee's Rapid Deconstruction     Earth                        5
   e - Darkness                       Hexes                        6
   f - Invisibility                   Hexes                        6
Miscellaneous
 t - a plain deck of defence
 O - a box of beasts
 Q - a phial of floods
Comestibles
 c - 2 fruits
 f - 11 bread rations
 i - 5 meat rations
 F - 5 royal jellies


   Skills:
 + Level 5.3 Fighting
 - Level 12.1 Slings
 + Level 2.9 Armour
 + Level 5.5 Dodging
 - Level 1.1 Stealth
 + Level 10.6 Shields
 - Level 5.4 Spellcasting
 + Level 6.5 Charms
 - Level 9.0 Invocations
 - Level 8.0 Evocations


You had 20 spell levels left.
You knew the following spells:

 Your Spells              Type           Power        Failure   Level  Hunger
a - Song of Slaying       Chrm           ###.....     10%         2    ##.....


Dungeon Overview and Level Annotations

Branches:
Dungeon (10/15)            Temple (1/1) D:5            Lair (4/8) D:10
 Shoals (0/4) Lair:3
  Snake: Lair:3-6    Spider: Lair:3-6       Orc: D:9-12

Altars:
Ashenzari
Cheibriados
Dithmenos
Elyvilon
Fedhas
Gozag
Kikubaaqudgha
Makhleb
Nemelex Xobeh
Okawaru
Pakellas
Qazlal
Ru
Sif Muna
Trog
Vehumet
Xom
Yredelemnul
Zin
The Shining One

Shops:
D:8 %   D:10 [

Annotations:
D:4 Sigmund


Innate Abilities, Weirdness & Mutations

You are small and have problems with some larger weapons.
You are somewhat resistant to further mutation.


Message History

Moving in this stuff is going to be slow.
Firing (i - inventory. (,) - cycle):
d - 15 sling bullets (quivered)
Press: ? - help, Shift-Dir - straight line, f/p - eight-headed hydra
Aim: an eight-headed hydra (almost dead)
You shoot a sling bullet. Fedhas protects your plant from harm.
The sling bullet hits the eight-headed hydra.
The eight-headed hydra is almost dead.
You walk carefully through the plants.
You enter the shallow water.
Moving in this stuff is going to be slow.
The eight-headed hydra bites you!
* * * LOW HITPOINT WARNING * * *
The eight-headed hydra bites you!
* * * LOW HITPOINT WARNING * * *
You block the eight-headed hydra's attack.
The eight-headed hydra bites you but does no damage.
The eight-headed hydra bites you!
You die...
Fedhas appreciates your contribution to the ecosystem.

...............##....#...#
#
...............≈##≈.##≈..#
...............≈≈≈.≈≈#..##
#
..............≈≈...≈..≈##
#
....÷..........≈#.>.≈≈.≈#
#
................≈≈..≈≈.P#
#
...............###≈##≈≈##
#
..............≈≈#D.≈##≈≈#
................@P(.≈≈.##
.................P(...##
##..#..#####.#.##(#####
#.##### ######## ###


You could see an eight-headed hydra.

Vanquished Creatures
  The ghost of Procrastination the Cleaver, a novice DsBe of Trog (D:9)
  A hill giant (D:10)
  A griffon (Lair:3)
  An elephant (Lair:2)
  3 black mambas
  4 spiny frogs
  4 komodo dragons
  3 polar bears
  A two-headed ogre (D:10)
  2 trolls (D:10)
  A basilisk (Lair:2)
  3 wyverns
  16 yaks
  2 hungry ghosts
  6 hippogriffs
  Menkaure (D:5)
  Duvessa (D:5)
  A hell hound (D:10)
  3 porcupines
  5 water moccasins
  3 ice beasts
  6 sky beasts
  7 black bears
  An orc warrior (D:6)
  A wasp (D:8)
  5 phantoms
  3 ogres
  A centaur (D:7)
  4 crocodiles
  3 big kobolds
  9 giant frogs
  A water moccasin zombie (D:5)
  2 scorpions
  Dowan (D:5)
  4 killer bees (D:9)
  A troll skeleton (D:10)
  8 wights (D:10)
  10 electric eels
  5 spriggan skeletons (D:10)
  2 crimson imps
  2 howler monkeys (D:9)
  A giant frog zombie (D:5)
  2 jellies (D:7)
  A centaur zombie (D:10)
  3 orc priests
  4 hounds
  A quasit (D:10)
  2 centaur skeletons (D:10)
  2 orc wizards
  6 iguanas
  8 worker ants
  8 sheep
  A killer bee zombie (D:9)
  A hound zombie (D:7)
  A hound skeleton (D:8)
  A worker ant zombie (D:7)
  Robin (D:2)
  4 gnolls (D:3)
  A howler monkey skeleton (D:10)
  6 adders
  39 river rats
  5 shadow imps
  An ooze (D:4)
  An adder skeleton (D:4)
  9 worms
  A dart slug (D:1)
  2 giant geckos
  24 orcs
  A ball python (D:3)
  4 giant cockroaches
  13 goblins
  11 hobgoblins
  11 jackals
  10 kobolds
  3 quokkas
  7 bats
  A giant gecko skeleton (D:8)
  2 giant newts
  A quokka zombie (D:7)
  8 rats
347 creatures vanquished.

Vanquished Creatures (collateral kills)
  2 elephants (Lair:2)
  2 spiny frogs (Lair:2)
  A komodo dragon (Lair:3)
  3 polar bears (Lair:3)
  2 yaks (Lair:3)
  5 black bears (Lair:3)
  A giant frog (Lair:2)
  3 sheep (Lair:4)
  A river rat (Lair:2)
20 creatures vanquished.

Vanquished Creatures (others)
  4 oklob plants
  A wandering mushroom (Lair:2)
  4 fungi
  8 plants
  171 toadstools
188 creatures vanquished.

Grand Total: 555 creatures vanquished

Notes
Turn   | Place    | Note
--------------------------------------------------------------
     0 | D:1      | siepu the Halfling Hunter began the quest for the Orb.
     0 | D:1      | Reached XP level 1. HP: 14/14 MP: 1/1
    59 | D:1      | Reached skill level 6 in Slings
   277 | D:1      | Reached XP level 2. HP: 19/19 MP: 2/2
   844 | D:2      | Reached XP level 3. HP: 24/24 MP: 3/3
   923 | D:2      | Reached skill level 7 in Slings
   955 | D:2      | Found a sparkling altar of Nemelex Xobeh.
  1120 | D:2      | Noticed Robin
  1134 | D:2      | Reached XP level 4. HP: 28/29 MP: 4/4
  1138 | D:2      | Killed Robin
  1217 | D:2      | Reached skill level 8 in Slings
  1623 | D:3      | Reached XP level 5. HP: 27/34 MP: 5/5
  1785 | D:3      | Noticed an ogre
  1812 | D:3      | Killed an ogre
  1812 | D:3      | Reached skill level 9 in Slings
  1812 | D:3      | Reached skill level 1 in Armour
  1812 | D:3      | Reached XP level 6. HP: 32/39 MP: 6/6
  1913 | D:3      | Reached skill level 10 in Slings
  2194 | D:4      | Noticed Sigmund
  2499 | D:4      | Reached skill level 11 in Slings
  2499 | D:4      | Reached XP level 7. HP: 38/44 MP: 7/7
  2896 | D:5      | Entered Level 5 of the Dungeon
  2989 | D:5      | Noticed Duvessa
  2993 | D:5      | Noticed Dowan
  3007 | D:5      | Killed Dowan
  3019 | D:5      | Killed Duvessa
  3019 | D:5      | Reached skill level 12 in Slings
  3257 | D:5      | Found a staircase to the Ecumenical Temple.
  3266 | Temple   | Entered the Ecumenical Temple
  3355 | Temple   | Became a worshipper of Fedhas Madash
  3463 | D:5      | Reached skill level 1 in Evocations
  3630 | D:5      | Reached XP level 8. HP: 51/51 MP: 7/9
  3696 | D:5      | Noticed Menkaure
  3723 | D:5      | Killed Menkaure
  4462 | D:6      | Reached XP level 9. HP: 58/58 MP: 11/11
  4595 | D:6      | Reached skill level 5 in Dodging
  4627 | D:6      | Got a faintly humming shield
  4628 | D:6      | Identified the +7 shield of Mezcal {rN+ Str+4} (You found it on level 6 of the Dungeon)
  4715 | D:6      | Reached skill level 1 in Shields
  5272 | D:7      | Reached skill level 5 in Fighting
  5283 | D:7      | Reached * piety under Fedhas
  5301 | D:7      | Reached skill level 5 in Evocations
  5595 | D:7      | Reached skill level 5 in Shields
  6036 | D:7      | Reached XP level 10. HP: 66/66 MP: 13/13
  6161 | D:8      | Found Iwuczi's Food Boutique.
  6169 | D:8      | Bought 2 fruits for 33 gold pieces
  6842 | D:9      | Found a basalt altar of Yredelemnul.
  6915 | D:9      | Noticed Procrastination's ghost (novice DsBe)
  6940 | D:9      | Killed Procrastination's ghost
  7143 | D:9      | Reached skill level 10 in Shields
  7187 | D:9      | Reached skill level 1 in Invocations
  7203 | D:9      | Reached skill level 1 in Spellcasting
  7256 | D:9      | Reached ** piety under Fedhas
  7437 | D:9      | Found an iron altar of Okawaru.
  7682 | D:10     | Entered Level 10 of the Dungeon
  7718 | D:10     | Reached XP level 11. HP: 71/71 MP: 15/15
  8632 | D:9      | Learned a level 2 spell: Song of Slaying
  8836 | D:10     | Found Adoupp's Armour Emporium.
  9512 | D:10     | Found a staircase to the Lair.
  9657 | D:10     | Noticed a hill giant
  9672 | D:10     | Killed a hill giant
  9681 | D:10     | Reached skill level 5 in Invocations
  9732 | D:10     | Found a sacrificial altar of Ru.
 10218 | Lair:1   | Entered Level 1 of the Lair of Beasts
 10624 | Lair:1   | Reached XP level 12. HP: 67/77 MP: 18/18
 10709 | Lair:1   | Reached *** piety under Fedhas
 10884 | Lair:1   | Reached skill level 1 in Charms
 11506 | Lair:2   | Reached skill level 5 in Spellcasting
 12483 | Lair:2   | Reached **** piety under Fedhas
 13268 | Lair:3   | Reached skill level 5 in Charms
 14384 | Lair:3   | Found a staircase to the Shoals.
 14441 | Lair:3   | Reached XP level 13. HP: 81/81 MP: 21/21
 15128 | Lair:3   | Noticed an eight-headed hydra
 15214 | Lair:3   | HP: 3/81 [eight-headed hydra (11)]
 15214 | Lair:3   | Mangled by an eight-headed hydra

Vault maps used:
D:1:      minmay_arrival_floating_metal, minivault_24
D:2:      nemelex_xobeh_ov_fountains_minmay, minivault_26, amalloy_card_club,
          uniq_robin
D:4:      first_bread, uniq_sigmund
D:5:      minmay_temple_entry_poolview, uniq_menkaure, uniq_duvessa
D:8:      serial_shops, shop
D:9:      nicolae_overflow_crystal_walls, basic_altar
D:10:     minmay_lair_entry_lava, serial_shops, shop, hangedman_tell_no_tales,
          nicolae_ru_awakened_eye
Temple:   kilobyte_greek_temple_18
Lair:3:   beast_lair_carwin_large_4, elwin_shoals_entry_rocks, st_stairs_5
Lair:4:   spider_nest_entry_a, beast_lair_carwin_1

Skill      XL: |  1  2  3  4  5  6  7  8  9 10 11 12 |
---------------+-------------------------------------+-----
Slings         | 6 7 8 9 11 12 | 12.1
Armour         | 1 2 |  2.9
Fighting       | 2 4 5 |  5.3
Evocations     | 1 3 5 7 8 |  8.0
Dodging        | 4 5 |  5.5
Shields        | 6 10 | 10.6
Invocations    | 2 6 9 |  9.0
Spellcasting   | 1 4 5 |  5.4
Charms         | 6 |  6.5
Stealth        | |  1.1

Action                   |  1- 3 |  4- 6 |  7- 9 | 10-12 | 13-15 || total
-------------------------+-------+-------+-------+-------+-------++-------
Melee: Short sword       |    22 |    22 |    18 |       |       ||    62
       Flail             |       |     1 |       |       |       ||     1
 Fire: Hunting sling     |    60 |   165 |   476 |  1888 |   102 ||  2691
Invok: Evolution         |       |       |       |     4 |     2 ||     6
       Growth            |       |       |       |       |     1 ||     1
Evoke: Wand              |       |       |     1 |     3 |       ||     4
  Use: Scroll            |       |     1 |     9 |    16 |       ||    26
       Potion            |       |       |       |     1 |       ||     1
 Stab: Sleeping          |     1 |     5 |       |       |       ||     6
  Eat: Chunk             |     1 |     4 |     3 |    15 |       ||    23
       Meat ration       |       |       |     1 |     2 |       ||     3
       Beef jerky        |       |       |     1 |     2 |       ||     3
